 Dungeon Sprint DCSS version 0.17-a0-1399-gd5b76e1 (webtiles) character file.

227 Kidiri the Covert (level 5, -2/24 HPs)
             Began as a Spriggan Enchanter on June 19, 2015.
             Was a Follower of Dithmenos.
             Slain by an ice beast (12 damage)
             ... in the Dungeon (Sprint IX: "|||||||||||||||||||||||||||||").
             The game lasted 00:02:13 (354 turns).

Kidiri the Covert (Spriggan Enchanter)               Turns: 354, Time: 00:02:13

Health: -2/24      AC:  5    Str:  7    XL:     5   Next: 70%
Magic:  13/16      EV: 23    Int: 16    God:    Dithmenos [*.....]
Gold:   0          SH:  0    Dex: 18    Spells: 5 memorised, 7 levels left

rFire  . . .     SeeInvis +     o - +2 rapier (drain)
rCold  . . .     Clarity  .     b - +1 robe
rNeg   . . .     SustAt   .     (shield restricted)
rPois  .         Gourm    .     (helmet restricted)
rElec  .         Spirit   .     (no cloak)
rCorr  .         Warding  .     (gloves unavailable)
rMut   .         NoTele   +     (boots unavailable)
MR     .....                    (no amulet)
Stlth  ++++++....               q - +3 ring of strength
                                p - +2 ring of protection

@: wreathed by umbra, very quick, not resistant to hostile enchantments, very
stealthy
A: unfitting armour, see invisible, herbivore 3, speed 3, slow metabolism 2
a: Renounce Religion


You were in the Dungeon.
You worshipped Dithmenos.
Dithmenos was aware of your devotion.
You were not hungry.

You visited 1 branch

Inventory:

Hand weapons
 a - a +1 dagger
 o - a +2 rapier of draining (weapon)
Armour
 b - a +1 robe (worn)
Jewellery
 p - a +2 ring of protection (left hand)
 q - a +3 ring of strength (right hand)
Magical devices
 n - a wand of cold (7)
Scrolls
 j - 2 scrolls of blinking
 l - 3 scrolls of remove curse
 m - 2 scrolls of amnesia
Potions
 e - a potion of invisibility
 f - 3 potions of heal wounds
 g - a potion of haste
 h - 4 potions of magic
 i - a potion of berserk rage
 k - 4 potions of curing
Books
 c - a book of Maledictions

   Spells                             Type                      Level
   a - Corona                         Hexes                        1
   b - Ensorcelled Hibernation        Hexes/Ice                    2
   c - Confuse                        Hexes                        3
   d - Tukima's Dance                 Hexes                        3
   e - Dazzling Spray                 Conjuration/Hexes            3
Comestibles
 d - a bread ration


   Skills:
 + Level 4.7 Short Blades
 + Level 7.0 Dodging
 * Level 10.8 Stealth
 * Level 7.9 Spellcasting
 + Level 6.5 Hexes


You had 7 spell levels left.
You knew the following spells:

 Your Spells              Type           Power        Failure   Level  Hunger
a - Corona                Hex            ####...      1%          1    None
b - Ensorcelled Hibernat  Hex/Ice        ###...       6%          2    None
c - Confuse               Hex            ####....     1%          3    ##.....
d - Tukima's Dance        Hex            ####....     1%          3    ##.....
e - Dazzling Spray        Conj/Hex       ###.....     12%         3    ##.....


Dungeon Overview and Level Annotations

Branches:
Dungeon (1/1)

Altars:
Cheibriados
Dithmenos
Elyvilon
Fedhas
Gozag
Kikubaaqudgha
Makhleb
Nemelex Xobeh
Okawaru
Qazlal
Ru
Sif Muna
Trog
Vehumet
Xom
Yredelemnul
Zin
The Shining One
Beogh
Jiyva
Lugonu


Innate Abilities, Weirdness & Mutations

You are tiny and cannot use many weapons and most armour.
You have supernaturally acute eyesight.
You are a herbivore.
You cover ground extremely quickly.
You need consume almost no food.


Message History

The helpless crimson imp fails to defend itself.
You spit the crimson imp like a pig!!!
You kill the crimson imp!
Dithmenos accepts your kill.
Your Dodging skill increases to level 7!
You hit the ice beast but do no damage. The ice beast misses you.
Unknown command.
Casting: Ensorcelled Hibernation
Confirm with . or Enter, or press ? or * to list all spells.
Aiming: Confuse
Press: ? - help, Shift-Dir - straight line, f - ice beast
Aim: an ice beast (umbra, chance to defeat MR: 56%)
The ice beast appears confused.
The ice beast hits you. The ice beast freezes you!
You catch the helpless ice beast completely off-guard!
You impale the ice beast!!
The ice beast is severely wounded.
The ice beast hits you. The ice beast freezes you!
Ouch! That really hurt!
You die...

▓+▓
▓s▓
▓l▓
▓.▓
▓Y▓
▓@▓
▓)▓
▓'▓
▓.▓
▓.▓
▓[▓
▓[▓
▓[▓
▓)▓


You could see an ice beast (confused), a scorpion (sleeping) and an iguana
(sleeping).

Vanquished Creatures
  A centaur (D)
  A sky beast (D)
  A crimson imp (D)
  An orc wizard (D)
  An ooze (D)
  2 bat zombies (D)
  A goblin (D)
  2 kobolds (D)
  2 bats (D)
  A quokka (D)
13 creatures vanquished.

Notes
Turn   | Place    | Note
--------------------------------------------------------------
     0 | D        | Kidiri the Spriggan Enchanter began the quest for the Orb.
     0 | D        | Reached XP level 1. HP: 9/9 MP: 5/5
    13 | D        | Reached skill level 5 in Stealth
    42 | D        | Noticed a sky beast
    42 | D        | Noticed a centaur
    44 | D        | Killed a centaur
    44 | D        | Reached skill level 5 in Dodging
    44 | D        | Reached skill level 8 in Stealth
    44 | D        | Reached skill level 5 in Spellcasting
    44 | D        | Reached skill level 5 in Hexes
    44 | D        | Reached XP level 2. HP: 13/13 MP: 5/9
    44 | D        | Reached XP level 3. HP: 16/16 MP: 6/11
    44 | D        | Reached XP level 4. HP: 21/21 MP: 6/12
   100 | D        | Learned a level 2 spell: Ensorcelled Hibernation
   104 | D        | Learned a level 3 spell: Confuse
   108 | D        | Learned a level 3 spell: Tukima's Dance
   112 | D        | Learned a level 3 spell: Dazzling Spray
   293 | D        | Killed a sky beast
   293 | D        | Reached skill level 10 in Stealth
   293 | D        | Reached XP level 5. HP: 24/24 MP: 10/15
   300 | D        | Found a glowing silver altar of Zin.
   300 | D        | Found a glowing golden altar of the Shining One.
   300 | D        | Found an ancient bone altar of Kikubaaqudgha.
   300 | D        | Found a basalt altar of Yredelemnul.
   300 | D        | Found a shimmering altar of Xom.
   300 | D        | Found a radiant altar of Vehumet.
   301 | D        | Found an iron altar of Okawaru.
   302 | D        | Found a burning altar of Makhleb.
   303 | D        | Found a deep blue altar of Sif Muna.
   304 | D        | Found a bloodstained altar of Trog.
   305 | D        | Found a sparkling altar of Nemelex Xobeh.
   306 | D        | Found a white marble altar of Elyvilon.
   307 | D        | Found a roughly hewn altar of Beogh.
   308 | D        | Found a viscous altar of Jiyva.
   309 | D        | Found a corrupted altar of Lugonu.
   310 | D        | Found a blossoming altar of Fedhas.
   311 | D        | Found a snail-covered altar of Cheibriados.
   312 | D        | Found a shadowy altar of Dithmenos.
   313 | D        | Found a stormy altar of Qazlal.
   314 | D        | Found an opulent altar of Gozag.
   315 | D        | Found a sacrificial altar of Ru.
   320 | D        | Became a worshipper of Dithmenos the Shadowed
   345 | D        | Noticed a scorpion
   345 | D        | Noticed an iguana
   345 | D        | Noticed an ice beast
   345 | D        | Noticed a crimson imp
   345 | D        | Noticed an orc wizard
   347 | D        | Killed an orc wizard
   351 | D        | Killed a crimson imp
   354 | D        | Slain by an ice beast

Vault maps used:
D:        linesprint

Action                   |  1- 3 |  4- 6 || total
-------------------------+-------+-------++-------
Melee: Dagger            |    18 |    17 ||    35
       Rapier            |       |     5 ||     5
 Cast: Corona            |     1 |       ||     1
       Ensorcelled Hiber |       |     1 ||     1
       Confuse           |       |     1 ||     1
  Use: Potion            |     1 |       ||     1
 Stab: Sleeping          |     2 |     6 ||     8
       Confused          |       |     1 ||     1
